 Dungeon Crawl Stone Soup version 0.16.0-12-g7215832 (webtiles) character file.

243 Chiseanne the Insei (level 5, -5/42 HPs)
             Began as a Mummy Monk on Mar 18, 2015.
             Slain by an orc priest
             ... wielding a +0 flail
              (6 damage)
             ... on level 3 of the Dungeon.
             The game lasted 00:12:41 (3259 turns).

Chiseanne the Insei (Mummy Monk)                    Turns: 3259, Time: 00:12:41

Health: -5/42      AC:  6    Str: 14    XL:     5   Next: 82%
Magic:  5/5        EV: 11    Int:  9    God:
Gold:   209        SH:  0    Dex: 15    Spells: 0 memorised, 4 levels left

rFire  . . .     SeeInvis .     a - +2 dagger (venom)
rCold  . . .     Clarity  .     e - +0 scale mail
rNeg   + + +     SustAb   .     (no shield)
rPois  ∞         Gourm    .     (no helmet)
rElec  .         Spirit   .     (no cloak)
rCorr  .         Warding  .     (no gloves)
rMut   .         Stasis   .     (no boots)
MR     .....                    (no amulet)
Stlth  +.........               g - ring of fire
                                (no ring)

@: not resistant to hostile enchantments, very unstealthy
A: no food or potions, fire vulnerability, restore body, cold resistance 1,
negative energy resistance 3, poison resistance, torment resistance, unbreathing
a: no special abilities


You were on level 3 of the Dungeon.
You were not hungry.

You visited 1 branch of the dungeon, and saw 3 of its levels.

You collected 209 gold pieces.

Inventory:

Hand weapons
 a - a +2 dagger of venom (weapon)
Missiles
 c - 26 poisoned needles
 f - 17 bolts
 h - 7 tomahawks (quivered)
 i - 26 arrows
Armour
 e - a +0 scale mail (worn)
Jewellery
 g - a ring of fire (right hand)
Scrolls
 j - a scroll of identify


   Skills:
 * Level 3.9 Fighting
 * Level 1.9 Armour
 * Level 3.6 Dodging
 - Level 1.5 Stealth
 * Level 4.2 Unarmed Combat


You had 4 spell levels left.
You didn't know any spells.

Dungeon Overview and Level Annotations

Branches:
Dungeon (3/15)

Altars:


Innate Abilities, Weirdness & Mutations

You do not eat or drink.
Your flesh is vulnerable to fire.
Your flesh is cold resistant.
You are immune to negative energy.
Your system is resistant to poisons.
You are immune to unholy pain and torment.
You can survive without breathing.


Message History

The puff of frost hits you!
An orc priest comes into view. It is wielding a flail.
You barely miss the orc wizard. You punch the orc wizard.
The orc wizard is severely wounded.
The orc priest hits you with a flail. The orc wizard misses you.
Your scale mail prevents you from hitting the orc priest.
The orc priest hits you with a flail! The orc wizard barely misses you.
You barely miss the orc priest. The orc wizard casts a spell at you.
The magic dart hits you!
The orc priest invokes the aid of Beogh against you.
Something smites you!
* * * LOW HITPOINT WARNING * * *
You closely miss the orc priest.
You kill the orc wizard!
The orc priest hits you with a flail.
* * * LOW HITPOINT WARNING * * *
You hit the orc priest but do no damage.
The orc priest is poisoned.
The orc priest hits you with a flail.
You die...

# ## #### # ..
#.. # # #.###.#
.# ##
#...#.#######.###
.# #o@)..........
.#
#...#.#####.#.#
.# #.###)#
##....# .# ..
#.###.....# †# ##
#...[.....# .####
#######.### ....#
#.# .##.# #.#
....# ##'##


You could see an orc priest.

Vanquished Creatures
  An orc wizard (D:3)
  An orc priest (D:3)
  Terence (D:2)
  5 adders
  4 worms
  9 orcs (D:3)
  6 giant cockroaches
  15 goblins
  10 hobgoblins
  9 jackals
  A ball python (D:1)
  12 bats
  5 giant geckos
  3 giant newts
  6 kobolds
  8 rats
96 creatures vanquished.

Notes
Turn   | Place    | Note
--------------------------------------------------------------
     0 | D:1      | Chiseanne, the Mummy Monk, began the quest for the Orb.
     0 | D:1      | Reached XP level 1. HP: 18/18 MP: 1/1
   175 | D:1      | Reached XP level 2. HP: 22/24 MP: 2/2
   943 | D:1      | Reached XP level 3. HP: 19/29 MP: 3/3
  1596 | D:2      | Noticed Terence
  1644 | D:2      | Killed Terence
  1815 | D:2      | Reached XP level 4. HP: 31/35 MP: 4/4
  2308 | D:3      | Reached skill level 4 in Unarmed Combat
  2412 | D:3      | Reached skill level 1 in Armour
  2434 | D:3      | Reached XP level 5. HP: 29/41 MP: 5/5
  3257 | D:3      | HP: 2/42 [orc priest/divine providence (14)]
  3259 | D:3      | Slain by an orc priest

Action                   |  1- 3 |  4- 6 || total
-------------------------+-------+-------++-------
Melee: Unarmed           |   141 |    49 ||   190
       Dagger            |       |   111 ||   111
  Use: Scroll            |     7 |     5 ||    12
